 Dungeon Crawl Stone Soup version 0.19.0-19-g8c6edcc (webtiles) character file.

12 Rrauwl the Ducker (level 2, 28/28 HPs)
             Began as a Troll Warper on Nov 13, 2016.
             Got out of the dungeon alive.
             The game lasted 00:05:12 (437 turns).

Rrauwl the Ducker (Troll Warper)                     Turns: 437, Time: 00:05:12

Health: 28/28      AC:  6    Str: 18    XL:     2   Next: 20%
Magic:  3/3        EV: 10    Int:  9    God:
Gold:   59         SH:  0    Dex:  9    Spells: 1 memorised, 1 level left

rFire  . . .     SeeInvis .     a - +0 mace
rCold  . . .     Gourm    +     i - +1 robe {rN+}
rNeg   + . .     Faith    .     (no shield)
rPois  .         Spirit   .     (helmet restricted)
rElec  .         Reflect  .     (no cloak)
rCorr  .         Harm     .     (gloves unavailable)
MR     .....                    (boots unavailable)
Stlth  +.........               (no amulet)
                                (no ring)
                                (no ring)

@: no status effects
A: unfitting armour, claws 3, fast metabolism 3, gourmand, regeneration 1,
shaggy fur 1, tough skin 2
a: no special abilities


You escaped.
You were very hungry.

You visited 1 branch of the dungeon, and saw 1 of its levels.

You collected 59 gold pieces.

Inventory:

Hand Weapons
 a - a +0 mace (weapon)
Missiles
 e - 5 tomahawks of dispersal (quivered)
 h - 37 stones
Armour
 i - a +1 robe of positive energy (worn)
Scrolls
 d - 2 scrolls of blinking
Books
 c - a book of Spatial Translocations

   Spells                             Type                      Level
   a - Blink                          Translocation                2
   b - Shroud of Golubria             Charms/Translocation         2
   c - Lesser Beckoning               Translocation                3
   d - Portal Projectile              Translocation                3
   e - Teleport Other                 Translocation                3
   f - Passage of Golubria            Translocation                4
Comestibles
 f - 2 bread rations
 g - 6 chunks of flesh


   Skills:
 + Level 1.7 Fighting
 + Level 2.0 Maces & Flails
 - Level 0.8 Throwing
 + Level 2.2 Dodging
 + Level 1.3 Spellcasting
 + Level 2.1 Translocations


You had one spell level left.
You knew the following spells:

 Your Spells              Type           Power        Failure   Level  Hunger
a - Blink                 Tloc           N/A          21%         2    ###....


Dungeon Overview and Level Annotations

Branches:
Dungeon (1/15)

Altars:


Innate Abilities, Weirdness & Mutations

You are too large for most types of armour.
You have claws for hands.
Your metabolism is lightning-fast.
You like to eat raw meat.
Your natural rate of healing is unusually fast.
You are covered in fur. (AC +1)
You have very tough skin. (AC +2)


Message History

Okay, then.
Save game and exit?
Welcome back, Rrauwl the Troll Warper.
Press ? for a list of commands and other information.
Memorise Blink, consuming 2 spell levels and leaving 1?
You start memorising the spell.
You continue memorising. x2
You finish memorising.
Spell assigned to 'a'.
You resume training Translocations.
Unknown command.
Unknown command.
Quiver which item? (- for none, * to show all) (? for menu, Esc to quit)
Okay, then.
You are feeling hungry.
You are feeling very hungry.
You see here 18 bolts.
Some of the chunks of flesh in your inventory have rotted away.
There is an open door here.
There is a staircase leading out of the dungeon here.
Are you sure you want to leave the Dungeon?
This will make you lose the game!
You have escaped!

#+#....#.#
#....⌠.#.##
#..#......#######
+÷####...........
#..#......#..####
#....⌠.#.##..#
###'#....#.##..#
#...#..###.##..####
#.@.#(.....#.......
############..#####
#..................
#w##.#.#####..####.
#.##.#.#####.......
#.##.#........####.
#.##..........# ##
#.##.###.###..# #
#.##.# #.# #..# #


There were no monsters in sight!

Vanquished Creatures
  A dart slug (D:1)
  A leopard gecko (D:1)
  A bat (D:1)
  A goblin (D:1)
  2 jackals (D:1)
  A frilled lizard (D:1)
  A kobold (D:1)
  A rat (D:1)
9 creatures vanquished.

Notes
Turn   | Place    | Note
-------+----------+-------------------------------------------
     0 | D:1      | Rrauwl the Troll Warper began the quest for the Orb.
     0 | D:1      | Reached XP level 1. HP: 19/19 MP: 1/1
   260 | D:1      | Reached XP level 2. HP: 28/28 MP: 3/3
   351 | D:1      | Learned a level 2 spell: Blink
   437 | D:$      | Got out of the dungeon alive.

Skill      XL: |  1  2 |
---------------+-------+-----
Dodging        | 2 |  2.2
Maces & Flails | 2 |  2.0
Fighting       | |  1.7
Throwing       | |  0.8
Spellcasting   | |  1.3
Translocations | |  2.1

Action                   || total
-------------------------++-------
Melee: Mace              ||    39
  Use: Potion            ||     1
Armor: Robe              ||    43
Dodge: Dodged            ||    42
